 Dungeon Crawl Stone Soup version 0.21-a0-140-g479285b (webtiles) character file.

337 MatthieuS the Skirmisher (level 6, -3/56 HPs)
             Began as a Hill Orc Monk on July 19, 2017.
             Was a Believer of Dithmenos.
             Slain by Arglure's ghost (6 damage)
             ... on level 4 of the Dungeon.
             The game lasted 00:17:52 (5594 turns).

MatthieuS the Skirmisher (Hill Orc Monk)            Turns: 5594, Time: 00:17:53

Health: -3/56      AC:  5    Str: 16    XL:     6   Next: 54%
Magic:  6/6        EV: 12    Int: 10    God:    Dithmenos [**....]
Gold:   100        SH:  0    Dex: 13    Spells: 2/5 levels left

rFire    . . .     SeeInvis +   a - +1 dagger (drain)
rCold    . . .     Gourm    .   (no shield)
rNeg     + . .     Faith    .   l - +0 leather armour {rN+}
rPois    .         Spirit   .   (no helmet)
rElec    .         Reflect  .   (no cloak)
rCorr    .         Harm     .   k - +0 pair of gloves
MR       .....                  n - +0 pair of boots
Stlth    +++.......             (no amulet)
HPRegen  0.18/turn              d - ring of see invisible
MPRegen  0.10/turn              (no ring)

@: wreathed by umbra, drained
A: dopey 1, strong 1
a: Shadow Step, Renounce Religion


You were on level 4 of the Dungeon.
You worshipped Dithmenos.
Dithmenos was pleased with you.
You were not hungry.

You visited 1 branch of the dungeon, and saw 4 of its levels.

You collected 100 gold pieces.

Inventory:

Hand Weapons
 a - a +1 dagger of draining (weapon)
 q - a +0 falchion
 w - a +0 hunting sling
Missiles
 e - 39 stones (quivered)
Armour
 k - a +0 pair of gloves (worn)
 l - a +0 leather armour of positive energy (worn)
 n - a +0 pair of boots (worn)
Jewellery
 d - a ring of see invisible (left hand)
Scrolls
 f - a scroll of amnesia
Books
 i - a book of Misfortune

   Spells                             Type                      Level
   a - Confusing Touch                Hexes                        1
   b - Confuse                        Hexes                        3
   c - Gell's Gravitas                Translocation                3
   d - Petrify                        Transmutation/Earth          4
   e - Metabolic Englaciation         Hexes/Ice                    5
   f - Yara's Violent Unravelling     Hexes/Transmutation          5
Comestibles
 c - 3 bread rations
 g - 2 meat rations
 j - a royal jelly


   Skills:
 - Level 5.0(4.7) Fighting
 + Level 2.8(3.2) Short Blades
 - Level 3.2(3.7) Long Blades
 - Level 3.0(2.8) Dodging
 + Level 3.9(3.7) Stealth
 + Level 1.2(1.0) Hexes


You had 2 spell levels left.
You knew the following spells:

 Your Spells              Type           Power        Failure   Level  Hunger
a - Confuse               Hex            #.......     67%         3    ####...


Dungeon Overview and Level Annotations

Branches:
Dungeon (4/15)
 Temple: D:4-7

Altars:
Dithmenos
Trog

Annotations:
D:4 Arglure's ghost, amateur FeWr


Innate Abilities, Weirdness & Mutations

You are dopey. (Int -2)
Your muscles are strong. (Str +2)


Message History

A crimson imp comes into view.
Arglure's ghost barely misses you.
The crimson imp shouts!
The crimson imp spits at you.
As you read the scroll of fear, it crumbles to dust.
You assume a fearsome visage.
The orc looks frightened! x3
The crimson imp is unaffected.
Arglure's ghost is unaffected.
Arglure's ghost barely misses you. The crimson imp closely misses you.
Arglure's ghost lets out a mournful wail.
Arglure's ghost barely misses you.
You barely miss the crimson imp. You hit the crimson imp.
The crimson imp is lightly wounded.
The crimson imp blinks!
Arglure's ghost barely misses you.
The crimson imp blinks!
The crimson imp blinks!
Arglure's ghost hits you.
* * * LOW HITPOINT WARNING * * *
Arglure's ghost hits you.
You die...

#.....# #..#
#.....# #.5#
####### ##.#
#.## #o.# #..##
#...# ##W.#
#@.# ##.##
#####..########
#.............#
#.###.........#
#<#..########
#.#...# #.#...#
#.#..>#


You could see Arglure's ghost, a crimson imp and an orc.

Vanquished Creatures
  2 orc priests (D:3)
  An orc wizard (D:4)
  2 bullfrog skeletons (D:4)
  5 adders (D:2)
  A gnoll (D:1)
  2 oozes
  5 worms
  2 dart slugs
  2 leopard geckos (D:3)
  17 orcs
  7 bats
  5 giant cockroaches
  5 goblins
  13 hobgoblins
  4 jackals (D:4)
  8 kobolds
  A quokka (D:2)
  2 frilled lizards
  11 rats
95 creatures vanquished.

Notes
Turn   | Place    | Note
-------+----------+-------------------------------------------
     0 | D:1      | MatthieuS the Hill Orc Monk began the quest for the Orb.
     0 | D:1      | Reached XP level 1. HP: 19/19 MP: 1/1
   121 | D:1      | Reached XP level 2. HP: 18/27 MP: 2/2
   555 | D:1      | Reached skill level 4 in Fighting
   824 | D:1      | Reached XP level 3. HP: 25/33 MP: 3/3
  1613 | D:2      | Reached XP level 4. HP: 22/41 MP: 4/4
  2722 | D:2      | Reached skill level 5 in Fighting
  2787 | D:2      | Found a bloodstained altar of Trog.
  2787 | D:2      | Found a shadowy altar of Dithmenos.
  2792 | D:2      | Became a worshipper of Dithmenos the Shadowed
  2792 | D:2      | Reached * piety under Dithmenos
  2792 | D:2      | Reached ** piety under Dithmenos
  3211 | D:2      | Reached XP level 5. HP: 46/48 MP: 5/5
  3447 | D:3      | Reached skill level 1 in Short Blades
  3539 | D:3      | Gained mutation: You are dopey. (Int -2) [potion of mutation]
  3539 | D:3      | Gained mutation: Your muscles are strong. (Str +2) [potion of mutation]
  4457 | D:3      | Reached XP level 6. HP: 56/56 MP: 6/6
  4659 | D:3      | Learned a level 3 spell: Confuse
  5204 | D:4      | Reached skill level 1 in Hexes
  5486 | D:4      | Noticed Arglure's ghost (amateur FeWr)
  5574 | D:4      | HP: 2/56 [orc/flail (9)]
  5589 | D:4      | HP: 2/56 [Arglure's ghost (2)]
  5594 | D:4      | Slain by Arglure's ghost

Vault maps used:
D:1:      wheals_arrival_shading, corexii_corridor_pit
D:2:      gammafunk_temple_overflow_statue, serial_bayou_pond_b,
          nrook_mini_vaults
D:3:      first_bread
D:4:      marbit_many_paths, uniq_sigmund

Skill      XL: |  1  2  3  4  5  6 |
---------------+-------------------+-----
Dodging        | 3 |  3.0
Fighting       | 4 5 |  5.0
Stealth        | 2 3 |  3.9
Short Blades   | 2 |  2.8
Hexes          | 1 |  1.2
Long Blades    | |  3.2

Action                   |  1- 3 |  4- 6 || total
-------------------------+-------+-------++-------
Melee: Falchion          |    90 |   212 ||   302
       Whip              |     8 |       ||     8
       Dagger            |       |    72 ||    72
 Fire: Hunting sling     |       |    75 ||    75
  Use: Scroll            |       |    10 ||    10
       Potion            |       |     4 ||     4
 Stab: Sleeping          |     3 |     3 ||     6
  Eat: Chunk             |     2 |    11 ||    13
       Royal jelly       |       |     1 ||     1
Armor: Robe              |    13 |       ||    13
       Leather armour    |       |    54 ||    54
Dodge: Dodged            |    73 |   244 ||   317
       Rpst.: Falchion   |    28 |    61 ||    89
